[Event "*** SCC Grand Prix: Titled Tuesday Blitz"]
[Site "Chess.com"]
[Date "2020.08.11"]
[Round "4"]
[White "meoluoi91"]
[Black "Virgo15"]
[Result "0-1"]
[WhiteElo "2488"]
[BlackElo "2682"]
[TimeControl "180+1"]
[EndTime "10:40:04 PDT"]
[Termination "Virgo15 won by resignation"]

1. d4 e6 2. c4 Nf6 3. Nc3 Bb4 4. Qc2 b6 5. e4 c5 6. d5 Qe7 7. Bd2 exd5 8. cxd5 Bxc3 9. Bxc3 Nxe4 10. O-O-O Nxc3 11. Qxc3 O-O 12. Nf3 Ba6 13. Bxa6 Nxa6 14. d6 Qf6 15. Qxf6 gxf6 16. a3 Rae8 17. Rhe1 Re6 18. Re3 Rfe8 19. Red3 Re2 20. R1d2 Nb8 21. Kd1 R2e6 22.
Nh4 Re5 23. f4 Rh5 24. g3 Nc6 25. Nf3 c4 26. Rd5 Rxd5 27. Rxd5 Re3 28. Ne1 c3 29. b4 Kg7 30. Nd3 h5 31. Nf2 c2+ 32. Kxc2 Rxa3 33. b5 Na5 34. Ne4 Ra2+ 35. Kc3 Rxh2 36.
Rd1 Re2 37. Kd3 Rb2 38. f5 Rxb5 39. Rf1 Nb7 40. Kc4 Re5 41. Kd4 Nc5 42. Nc3 Nb3+ 43. Kc4 Nd2+ 0-1

[Event "*** SCC Grand Prix: Titled Tuesday Blitz"]
[Site "Chess.com"]
[Date "2020.08.11"]
[Round "4"]
[White "ulises2013"]
[Black "Zhani-Z"]
[Result "0-1"]
[WhiteElo "2609"]
[BlackElo "2463"]
[TimeControl "180+1"]
[EndTime "10:40:05 PDT"]
[Termination "Zhani-Z won by resignation"]

1. d4 Nf6 2. c4 e6 3. Nc3 d5 4. cxd5 Nxd5 5. Bd2 c5 6. Nf3 Nc6 7. Nxd5 Qxd5 8. Bc3 cxd4 9. Nxd4 Nxd4 10. Qxd4 Qxd4 11. Bxd4 Bb4+ 12. Bc3 Bxc3+ 13. bxc3 Bd7 14. e3 Rc8 15. Rb1 b6 16. Rb3 Ke7 17. Bd3 Rc5 18. Ra3 Rc7 19. Kd2 Bc6 20. f3 Rd8 21. Ke2 Rcd7 22. c4 Kd6 23. Rc1 Kc5 24. Rc2 f5 25. h4 g6 26.
Rcc3 e5 27. Ke1 e4 28. fxe4 fxe4 29. Be2 a5 30. Rc2 Rf8 31. Rb2 a4 32. Rc3 Rdf7 33. Rc1 Rf2 34. g3 Rg2 35. g4 Rff2 36. Rd1 Rh2 37. Rc2 Rfg2 38. Rdc1 Rxh4 39. a3 Rhh2 40. Rd2 Rh1+ 41. Bf1 Rxf1+ 0-1

[Event "*** SCC Grand Prix: Titled Tuesday Blitz"]
[Site "Chess.com"]
[Date "2020.08.11"]
[Round "4"]
[White "kakakz"]
[Black "TimKett"]
[Result "1-0"]
[WhiteElo "2442"]
[BlackElo "2200"]
[TimeControl "180+1"]
[EndTime "10:40:05 PDT"]
[Termination "kakakz won by resignation"]

1. d4 d5 2. Nf3 e6 3. g3 c5 4. Bg2 cxd4 5. O-O Nc6 6. Nxd4 Nf6 7.
c4 Be7 8. Nc3 O-O 9. cxd5 exd5 10. Bg5 h6 11. Bf4 Bg4 12. h3 Be6 13. Rc1 Qd7 14. Kh2 Rad8 15. Na4 Ne4 16. f3 Ng5 17. h4 Nh3 18. Nxe6 Nxf4 19. Nxf4 g5 20. hxg5 hxg5 21. Nh5 g4 22. fxg4 Qxg4 23. e3 Qxd1 24. Rcxd1 d4 25. Bxc6 bxc6 26. Rxd4 Bg5 27. Nf4 Rfe8 28. Rf3 Bf6 29.
Rxd8 Rxd8 30. Rf2 Re8 31. Re2 Rd8 32. Nc5 Rd1 33. Ne4 Be5 34. Kg2 Rb1 35. b3 a5 36.
Nd2 Ra1 37. Nc4 Bxf4 38. gxf4 a4 39. bxa4 Rc1 40. Ne5 Rc3 41. a5 Ra3 42. Nxc6 1-0

[Event "*** SCC Grand Prix: Titled Tuesday Blitz"]
[Site "Chess.com"]
[Date "2020.08.11"]
[Round "4"]
[White "sodastream007"]
[Black "Anton_Demchenko"]
[Result "0-1"]
[WhiteElo "2225"]
[BlackElo "2831"]
[TimeControl "180+1"]
[EndTime "10:40:06 PDT"]
[Termination "Anton_Demchenko won by resignation"]

1. d4 d5 2. c4 dxc4 3. Nf3 Nf6 4. e3 Bg4 5. Bxc4 e6 6. Nbd2 Nbd7 7. h3 Bh5 8. O-O Be7 9. Re1 O-O 10. Bd3 c5 11. Be2 Rc8 12. b3 Bg6 13. Bb2 cxd4 14. Nxd4 e5 15. Nb5 Bc2 16. Qc1 Bxb3 17. Nc3 Be6 18. Qb1 Qb6 19. Nce4 Nxe4 20. Nxe4 Rfd8 21. Bd3 h6 22. a4 Bb4 23. Rd1 a6 24. Ba3 Bxa3 25. Rxa3 Qxb1 26. Rxb1 Rc7 27. Rc3 Rxc3 28. Nxc3 Nc5 29.
Be4 Rd7 30. Rb6 Kf8 31. a5 Rc7 32. Nd5 Rd7 33. Nc3 Ke7 34. g4 Kd8 35. f4 exf4 36.
exf4 f6 37. f5 Bf7 38. Bf3 Rd3 39. Ne4 Nd7 40. Kf2 Nxb6 41. axb6 Bd5 42. Ke2 Rxf3 43.
Kxf3 Kd7 44. Kf4 Bxe4 45. Kxe4 Kc6 46. Kd4 Kxb6 47. Kd5 a5 48. Ke6 a4 49. Kf7 a3 50. Kxg7 a2 51. Kxf6 a1=Q+ 52. Kg6 Qh1 53. f6 Qxh3 54. f7 Qxg4+ 55. Kh7 Qf5+ 56. Kh8 h5 57. Kg8 Qg6+ 58. Kh8 Qf6+ 59. Kg8 h4 60. f8=Q Qxf8+ 61. Kxf8 h3 0-1

[Event "*** SCC Grand Prix: Titled Tuesday Blitz"]
[Site "Chess.com"]
[Date "2020.08.11"]
[Round "4"]
[White "aNaartjieZA"]
[Black "WIDBIFS"]
[Result "0-1"]
[WhiteElo "2504"]
[BlackElo "2714"]
[TimeControl "180+1"]
[EndTime "10:40:06 PDT"]
[Termination "WIDBIFS won by resignation"]

1. e4 g6 2. Nf3 Bg7 3. g3 c5 4. Bg2 Nc6 5. O-O d6 6. Re1 e5 7. c3 Nge7 8. d3 h6 9. a3 O-O 10. b4 Be6 11. Nbd2 Qd7 12. Bb2 b6 13. b5 Na5 14. a4 Rac8 15. Rc1 Kh7 16. d4 Bh3 17. dxe5 dxe5 18. c4 Bxg2 19. Kxg2 Qe6 20. Bc3 Nxc4 21.
Nxc4 Qxc4 22. Bxe5 Qe6 23. Bxg7 Kxg7 24. Qc2 Rfd8 25.
Qc3+ Kh7 26. h4 Rd7 27. h5 g5 28. e5 Rcd8 29. Qc2+ Kg7 30. Qe4 Nd5 31. a5 Nb4 32. axb6 axb6 33. Re2 Nd3 34. Ra1 c4 35. Rc2 Rc8 36.
Ra4 Nc5 37. Qxc4 Qf5 38. g4 Qe6 39. Qxe6 fxe6 40. Ra6 Rb8 41. Ra3 Rf8 42. Nd2 Nd3 43. Nc4 Ne1+ 44. Kf1 Nxc2 45. Rc3 Nd4 46. Nxb6 Rdd8 47.
Nc4 Nf3 48. Nd6 Nxe5 49. Rc7+ Rd7 50. Rxd7+ Nxd7 0-1

[Event "*** SCC Grand Prix: Titled Tuesday Blitz"]
[Site "Chess.com"]
[Date "2020.08.11"]
[Round "4"]
[White "esrosenberg"]
[Black "zajka-molotok"]
[Result "1-0"]
[WhiteElo "2177"]
[BlackElo "2387"]
[TimeControl "180+1"]
[EndTime "10:40:06 PDT"]
[Termination "esrosenberg won by resignation"]

1. Nf3 d5 2. c4 c6 3. d4 dxc4 4. a4 Nf6 5. Nc3 Bf5 6. e3 e6 7. a5 Bb4 8. Qa4 Qe7 9. Bxc4 O-O 10. O-O Nbd7 11. Be2 b5 12. axb6 Nxb6 13. Qxc6 Rfc8 14. Qb5 Bxc3 15. bxc3 Rxc3 16. Qxb6 Rc2 17. Qa6 Nd5 18. Ba3 Qd8 19. Bc5 Nc7 20. Qb7 Rxe2 21. Rxa7 Rxa7 22. Qxa7 Rb2 23. Bb6 Rc2 24. Ne5 h6 25. h3 f6 26. Ng4 h5 27. e4 hxg4 28. exf5 gxh3 29. gxh3 exf5 30. Re1 Qd6 31. Qb8+ Kh7 32. Bxc7 Rxc7 33. Qe8 Rd7 34. Qh5+ Kg8 35. Re8+ Qf8 36. Rxf8+ Kxf8 37. Qxf5 Rxd4 38. Qc8+ Kf7 39. Qc7+ Kg6 40. Qg3+ Kh7 41. Kf1 Rd1+ 42. Ke2 Rd7 43. Qh4+ Kg8 44. Qc4+ Kh7 45. Qc2+ Kg8 46. Qc8+ Kh7 47. Qxd7 1-0

[Event "*** SCC Grand Prix: Titled Tuesday Blitz"]
[Site "Chess.com"]
[Date "2020.08.11"]
[Round "4"]
[White "Kobalia"]
[Black "penguingm1"]
[Result "0-1"]
[WhiteElo "2793"]
[BlackElo "3008"]
[TimeControl "180+1"]
[EndTime "10:40:07 PDT"]
[Termination "penguingm1 won on time"]

1. e4 e5 2. Nf3 Nc6 3. Bb5 g6 4. d4 exd4 5. Bg5 Be7 6. Bxe7 Qxe7 7. Bxc6 dxc6 8. Qxd4 Nf6 9. Nc3 Bg4 10. Nd2 c5 11. Qe3 O-O-O 12. h3 Be6 13. O-O-O b6 14. Rhe1 Kb8 15. g4 Bc8 16. f4 Bb7 17. g5 Nh5 18. Nc4 h6 19. h4 hxg5 20. hxg5 Ng7 21. Ne5 Rd6 22. Nd5 Qe6 23. c4 Rhd8 24. Rh1 Nh5 25.
b3 c6 26. Nc3 Rd4 27. Ne2 Rxd1+ 28. Rxd1 Rxd1+ 29. Kxd1 Bc8 30. Kd2 Kc7 31. Ng3 Qd6+ 32. Kc2 Nxg3 33. Qxg3 Qd4 34. Qf3 Be6 35. a4 Qa1 36.
Nd3 Qd4 37. f5 Bd7 38. Qf4+ Kb7 39. fxg6 fxg6 40. Qf7 Kc8 41. Qxg6 Qe3 42. Qf6 Qxe4 43. g6 Bf5 44. Qf8+ Kb7 45. Qf7+ Ka6 0-1

[Event "*** SCC Grand Prix: Titled Tuesday Blitz"]
[Site "Chess.com"]
[Date "2020.08.11"]
[Round "4"]
[White "Azeryahu"]
[Black "Sekar24"]
[Result "1-0"]
[WhiteElo "2770"]
[BlackElo "2513"]
[TimeControl "180+1"]
[EndTime "10:40:07 PDT"]
[Termination "Azeryahu won on time"]

1. d4 Nf6 2. Nf3 e6 3. g3 b5 4. Bg2 Bb7 5. O-O c5 6. c3 Be7 7. Bg5 O-O 8. Bxf6 Bxf6 9. dxc5 Na6 10. Qd3 Nxc5 11. Qxb5 Rc8 12. Qb4 Ba6 13. Re1 d5 14. Nbd2 Qc7 15. Qa3 Qb6 16. Nd4 Be7 17. b4 Nd7 18. e4 Bf6 19. N2f3 dxe4 20. Rxe4 Bb7 21. Re3 g6 22. Rae1 e5 23. Nb3 e4 24. Nfd4 Bg5 25.
R3e2 Rxc3 26. Bxe4 Bxe4 27. Rxe4 Nf6 28. Re5 Bd2 29.
R1e2 Bh6 30. Qa5 Qd6 31. Kg2 Bg7 32. Rc5 Ng4 33. Rxc3 Bxd4 34. Rd3 Qc6+ 35. f3 Bb6 36. b5 Qc4 37. Qd2 Nf6 38. Rc3 Qxb5 39. Nd4 Qd5 40. Rd3 1-0

[Event "*** SCC Grand Prix: Titled Tuesday Blitz"]
[Site "Chess.com"]
[Date "2020.08.11"]
[Round "4"]
[White "Lupul_Cenusiu"]
[Black "Supernotar"]
[Result "0-1"]
[WhiteElo "2500"]
[BlackElo "2700"]
[TimeControl "180+1"]
[EndTime "10:40:07 PDT"]
[Termination "Supernotar won on time"]

1. d4 d5 2. Nf3 Nf6 3. c4 dxc4 4.
e3 e6 5. Bxc4 a6 6. a4 c5 7. O-O Nc6 8. Qe2 cxd4 9. Rd1 Be7 10.
exd4 O-O 11. Nc3 Nb4 12. Ne5 Bd7 13. Bg5 Bc6 14. Rac1 Rc8 15. h4 Bd5 16. Nxd5 Nfxd5 17. Bd2 Bxh4 18. g3 Bg5 19. f4 Bf6 20. Kg2 g6 21.
Rh1 Nc6 22. Bc3 Nce7 23. Bd3 Nf5 24. Bxf5 exf5 25. Qf3 h5 26. Bd2 Qd6 27. Qb3 b6 28. Rhe1 Rfd8 29. Nf3 Kg7 30. Qd3 a5 31. Qb5 Rxc1 32.
Rxc1 Rd7 33. Rc6 Qe7 34. Ne5 Rd6 35. Qc4 Rxc6 36. Qxc6 Qd8 37. b3 Ne7 38. Qc4 Qd5+ 39. Kf2 Qe6 40. Be3 Nd5 41. Bd2 Kg8 42. Qb5 Kg7 43.
Qc4 Be7 44. Be1 f6 45. Nc6 Qe3+ 46. Kf1 Qf3+ 47. Kg1 Ne3 0-1

[Event "*** SCC Grand Prix: Titled Tuesday Blitz"]
[Site "Chess.com"]
[Date "2020.08.11"]
[Round "4"]
[White "Zq1"]
[Black "BocharovD"]
[Result "0-1"]
[WhiteElo "2497"]
[BlackElo "2693"]
[TimeControl "180+1"]
[EndTime "10:40:07 PDT"]
[Termination "BocharovD won by resignation"]

1. Nf3 c5 2. c4 Nc6 3. d4 cxd4 4. Nxd4 Nf6 5. Nc3 e6 6. a3 Be7 7. e4 O-O 8. Be2 Qc7 9. Ndb5 Qb8 10. Be3 d6 11. O-O Bd7 12. Qd2 a6 13. Nd4 Rc8 14. Nxc6 Bxc6 15. f3 b5 16. Rac1 bxc4 17. Bxc4 Qb7 18.
Kh1 a5 19. Rc2 a4 20. Rfc1 h6 21. Bf1 Nd7 22. Nd5 exd5 23. exd5 Bxd5 24. Rxc8+ Rxc8 25. Rxc8+ Qxc8 26. Qxd5 Qc2 27. Qd2 Qb3 28. h3 Ne5 29. Bd4 Bf6 30. Qc3 Qd1 31. Kg1 Nxf3+ 32. Qxf3 Bxd4+ 33. Kh2 Qxf3 34. gxf3 Bxb2 35. Bb5 Bxa3 36. Bxa4 Kf8 37.
Bb3 Ke7 38. Kg3 f5 39. f4 Bc1 40. h4 Kf6 41. Kf3 g6 42. Bd5 Bd2 43. h5 g5 44.
fxg5+ hxg5 45. h6 g4+ 0-1

[Event "*** SCC Grand Prix: Titled Tuesday Blitz"]
[Site "Chess.com"]
[Date "2020.08.11"]
[Round "4"]
[White "wannabe2700"]
[Black "evgenyermolaev"]
[Result "1-0"]
[WhiteElo "2666"]
[BlackElo "2478"]
[TimeControl "180+1"]
[EndTime "10:40:07 PDT"]
[Termination "wannabe2700 won on time"]

1. e4 d5 2. exd5 Qxd5 3. Nc3 Qe6+ 4. Be2 Qg6 5. Nf3 Qxg2 6. Rg1 Qh3 7. Rg3 Qe6 8. d4 Nf6 9. d5 Qd7 10. Ne5 Qf5 11. f4 g6 12. Nb5 Na6 13. Kf1 Nh5 14. Rf3 Bg7 15. Nd4 Qf6 16. Bb5+ c6 17. dxc6 O-O 18.
Be3 Nc7 19. a4 Nd5 20. Qd2 Nxe3+ 21. Qxe3 Nxf4 22. Rxf4 Qxe5 23. Re4 Qxh2 24. Rd1 bxc6 25.
Nxc6 Bh3+ 26. Ke1 e6 27. Qf2 Qxf2+ 28. Kxf2 Bf5 29. Rc4 a6 30. b4 axb5 31. axb5 Rab8 32. Nxb8 Rxb8 33. Rc5 Bf8 34. c4 Bxc5+ 35. bxc5 Be4 36.
Ke3 f5 37. Kf4 Kf7 38. Ke5 Ke7 39. Ra1 Rc8 40. Ra7+ Kf8 41. Kf6 1-0

[Event "*** SCC Grand Prix: Titled Tuesday Blitz"]
[Site "Chess.com"]
[Date "2020.08.11"]
[Round "4"]
[White "tteshan"]
[Black "PattyCastillo"]
[Result "1-0"]
[WhiteElo "2230"]
[BlackElo "1968"]
[TimeControl "180+1"]
[EndTime "10:40:08 PDT"]
[Termination "tteshan won on time"]

1. e4 c5 2. Nf3 d6 3. d4 cxd4 4.
Nxd4 Nf6 5. f3 a6 6. c4 e5 7. Nc2 Be6 8. Nc3 Nc6 9. Be2 Be7 10.
Be3 Rc8 11. O-O O-O 12. b3 Nd7 13. Qd2 f5 14. exf5 Bxf5 15. f4 Nf6 16. Rad1 Ne4 17. Nxe4 Bxe4 18. Bg4 Bf5 19. Bxf5 Rxf5 20. fxe5 Rxf1+ 21.
Rxf1 dxe5 22. Qe2 Nd4 23. Bxd4 exd4 24. Qe6+ Kh8 25. Rd1 Bf6 26. Kh1 Rc6 27. Qe4 Rd6 28. Ne1 b5 29. cxb5 axb5 30. h3 h6 31. Nd3 Qb6 32.
Nf4 Bg5 33. Nd5 Qd8 34. Rxd4 Bf6 35. Nxf6 Qxf6 36. Rxd6 Qxd6 37. Qe2 Qd5 38. a4 bxa4 39. bxa4 Qa5 40. Qb5 Qe1+ 41. Kh2 Kh7 42. a5 Qf2 43. Qd3+ Kg8 44. a6 Qf4+ 45. Kg1 Qc1+ 46. Kf2 Qf4+ 47. Ke2 1-0

[Event "*** SCC Grand Prix: Titled Tuesday Blitz"]
[Site "Chess.com"]
[Date "2020.08.11"]
[Round "4"]
[White "Srchesschilango"]
[Black "pfalcon1949"]
[Result "1-0"]
[WhiteElo "2226"]
[BlackElo "1960"]
[TimeControl "180+1"]
[EndTime "10:40:08 PDT"]
[Termination "Srchesschilango won by resignation"]

1. d4 Nf6 2. c4 e6 3. Nc3 Bb4 4. Qc2 O-O 5. Nf3 b6 6. Bg5 Bb7 7. e3 c5 8. dxc5 bxc5 9. a3 Bxc3+ 10. Qxc3 Ne4 11. Bxd8 Nxc3 12. Be7 Re8 13. Bxc5 Na4 14. Bd4 Nc6 15. b3 Nxd4 16. Nxd4 Nc5 17. b4 Ne4 18. f3 Nf6 19. Nb5 Rab8 20. Nd6 Red8 21. c5 Bd5 22. e4 Bb3 23. Rb1 Ba4 24. b5 a6 25.
b6 Ne8 26. Bxa6 Nxd6 27. cxd6 e5 28. Kd2 Re8 29. Bc4 Kf8 30. Bd5 g6 31. Rhc1 f5 32. Rb4 Bc6 33. Bxc6 dxc6 34. Rxc6 fxe4 35. fxe4 Red8 36.
Rb5 Rd7 37. Rxe5 Rbd8 38. Rd5 Ra8 39. Rd3 Kf7 40. Kc3 Ke6 41. Kb4 Ke5 42. a4 Kxe4 43. Rd1 Ke5 44. a5 Ke6 45. Kb5 Kf7 46. a6 Kg7 47. b7 Rb8 48. Rc7 Rxc7 49. dxc7 Rf8 50. Rd8 Rf5+ 51. Kb6 Kh6 52. c8=Q Rf6+ 53. Qc6 Rxc6+ 54.
Kxc6 Kg5 55. b8=Q h5 56. Qg3+ Kh6 57. Rh8+ Kg7 58. Rxh5 1-0

[Event "*** SCC Grand Prix: Titled Tuesday Blitz"]
[Site "Chess.com"]
[Date "2020.08.11"]
[Round "4"]
[White "TheBigBoss04"]
[Black "albano87"]
[Result "1/2-1/2"]
[WhiteElo "2829"]
[BlackElo "2539"]
[TimeControl "180+1"]
[EndTime "10:40:11 PDT"]
[Termination "Game drawn - insufficient material"]

1. Nf3 c5 2. e4 Nc6 3. d4 cxd4 4. Nxd4 Nf6 5. Nc3 d6 6. Bg5 Bd7 7. Qd2 Rc8 8. Nxc6 Bxc6 9. f3 Qa5 10. Be3 e6 11. Bc4 Be7 12. Bb3 a6 13. O-O-O O-O 14. Kb1 Rfd8 15. Nd5 Qxd2 16. Nxe7+ Kf8 17. Ng6+ hxg6 18.
Rxd2 d5 19. Rhd1 Ke8 20. Bb6 Rd7 21. e5 Ng8 22. g4 Ne7 23. a4 f6 24. Bd4 Kf7 25. f4 Rh8 26. Re1 Rh4 27. exf6 gxf6 28.
h3 Rxh3 29. Rde2 Ng8 30. Rxe6 Re7 31. Rxe7+ Nxe7 32. Bc5 Nc8 33. f5 gxf5 34. gxf5 Rh5 35.
Rf1 Ne7 36. c4 dxc4 37. Bxc4+ Bd5 38. Re1 Bxc4 39. Rxe7+ Kg8 40. Rxb7 Rxf5 41. b3 Bd3+ 42. Kb2 Rxc5 43. b4 Re5 44. Kb3 f5 45. Kc3 Be2 46. b5 axb5 47. a5 f4 48. a6 b4+ 49. Rxb4 f3 50. a7 Ra5 51. Rb8+ Kg7 52. a8=Q Rxa8 53. Rxa8 f2 54. Ra1 f1=Q 55. Rxf1 Bxf1 1/2-1/2

[Event "*** SCC Grand Prix: Titled Tuesday Blitz"]
[Site "Chess.com"]
[Date "2020.08.11"]
[Round "4"]
[White "M1711"]
[Black "narutosmith"]
[Result "1-0"]
[WhiteElo "2451"]
[BlackElo "2250"]
[TimeControl "180+1"]
[EndTime "10:40:11 PDT"]
[Termination "M1711 won on time"]

1. e4 c5 2. Nf3 Nc6 3. d4 cxd4 4.
Nxd4 e6 5. Nc3 Qc7 6. g3 a6 7. Bg2 Nf6 8. O-O h5 9. Re1 Nxd4 10. Qxd4 Bc5 11. Qd1 Ng4 12. Re2 h4 13. Bf4 Qb6 14.
Qd2 hxg3 15. hxg3 O-O 16. Na4 Qb5 17. Nxc5 Qxc5 18. Bd6 Qh5 19. Bxf8 Qh2+ 20. Kf1 Kxf8 21. Qg5 Nf6 22. e5 Ne8 23. Re4 Qh7 24. Rh4 Qg8 25.
Ke2 f6 26. Qf4 Qf7 27. exf6 Nxf6 28. Rah1 Ke7 29. Qb4+ d6 30. Rd4 Ne8 31. Rhh4 Qf6 32. Rhf4 Qe5+ 33. Rde4 Qc5 34. Qxc5 dxc5 35. Re5 Rb8 36.
Rxc5 Nf6 37. Rg5 Kf7 38. Bh3 Bd7 39. Re5 Rd8 40. Rd4 Bb5+ 41. Ke3 Rc8 42. c3 Re8 43. a4 Bc6 44. Bf1 Nd5+ 45. Kd2 Re7 46. Bc4 Nb6 47. Bb3 1-0

[Event "*** SCC Grand Prix: Titled Tuesday Blitz"]
[Site "Chess.com"]
[Date "2020.08.11"]
[Round "4"]
[White "FairChess_on_YouTube"]
[Black "Msb2"]
[Result "1/2-1/2"]
[WhiteElo "2988"]
[BlackElo "2798"]
[TimeControl "180+1"]
[EndTime "10:40:12 PDT"]
[Termination "Game drawn - insufficient material"]

1. e4 e6 2. d4 d5 3. Nc3 Nf6 4.
e5 Nfd7 5. f4 c5 6. Nf3 Nc6 7. Be3 a6 8. Qd2 b5 9. Be2 Be7 10. O-O O-O 11. a3 Rb8 12. Nd1 a5 13.
c3 b4 14. axb4 axb4 15. Nf2 bxc3 16. bxc3 cxd4 17. cxd4 Nb6 18. Ng4 Nc4 19. Bxc4 dxc4 20. Ng5 f5 21. exf6 Bxf6 22. Qc2 Bxg5 23. fxg5 Bd7 24. Qxc4 Qe7 25. h4 Nb4 26. Ne5 Rxf1+ 27. Qxf1 Nc2 28. Ra7 Nxe3 29. Qc1 Nf5 30. Nxd7 Qd6 31.
Nxb8 Qxd4+ 32. Kf1 Ng3+ 33. Ke1 Qg1+ 34. Kd2 Qxa7 35.
Qc8+ Kf7 36. Qd7+ Qxd7+ 37. Nxd7 Nf5 38. Ne5+ Ke7 39. Nf3 Kd6 40. Kd3 Kd5 41. g4 Ne7 42. h5 e5 43. Nd2 g6 44. Ne4 Ke6 45. Nf6 h6 46. Ne4 hxg5 47. Nxg5+ Kf6 48. Ne4+ Kg7 49.
hxg6 Kxg6 50. Ng3 Kg5 51. Ke4 Kxg4 52. Kxe5 1/2-1/2

[Event "*** SCC Grand Prix: Titled Tuesday Blitz"]
[Site "Chess.com"]
[Date "2020.08.11"]
[Round "4"]
[White "novocane"]
[Black "Oligan22"]
[Result "1-0"]
[WhiteElo "2279"]
[BlackElo "2439"]
[TimeControl "180+1"]
[EndTime "10:40:12 PDT"]
[Termination "novocane won on time"]

1. d4 Nf6 2. c4 e6 3. Nc3 Bb4 4. e3 O-O 5. Ne2 Re8 6. a3 Bf8 7. e4 d6 8. f3 e5 9. d5 a5 10. Be3 Nh5 11. Qd2 g6 12. g4 Nf6 13. h4 h5 14.
O-O-O hxg4 15. h5 Nxh5 16. fxg4 Bxg4 17. Bh3 Bxe2 18. Nxe2 Nd7 19. Bxd7 Qxd7 20. Rdg1 Nf4 21. Nxf4 exf4 22. Qh2 Bg7 23. Qh7+ Kf8 24. Bxf4 Rxe4 25. Bh6 Rxc4+ 26. Kb1 Qf5+ 27. Ka1 Qe5 28. Qh8+ Ke7 29.
Qxg7 Qxg7 30. Bxg7 Kd7 31. Re1 Re8 32. Bf6 Rce4 33. Rxe4 Rxe4 34. Rh7 c6 35. Rxf7+ Kc8 36. dxc6 bxc6 37. Rg7 Rg4 38. Ra7 a4 39. Be7 Kb8 40.
Ra5 d5 41. Bb4 g5 42. Rxa4 Kb7 43. Ra5 Re4 44. Bc5 Rc4 45. b4 1-0

[Event "*** SCC Grand Prix: Titled Tuesday Blitz"]
[Site "Chess.com"]
[Date "2020.08.11"]
[Round "4"]
[White "zala02"]
[Black "QueenOfTactics90"]
[Result "0-1"]
[WhiteElo "2196"]
[BlackElo "1953"]
[TimeControl "180+1"]
[EndTime "10:40:12 PDT"]
[Termination "QueenOfTactics90 won by checkmate"]

1. d4 Nf6 2. c4 e6 3. Nc3 d5 4. cxd5 exd5 5. Bg5 Be7 6. e3 Bf5 7. Qb3 Nbd7 8. Nge2 b6 9. Ng3 Bg6 10. Bxf6 Nxf6 11. Bb5+ Kf8 12. Bc6 Rb8 13. Nxd5 Nxd5 14. Qxd5 Qxd5 15. Bxd5 Bb4+ 16. Ke2 Rd8 17. Bc4 c6 18. a3 Bd6 19. b4 h5 20. Rhd1 h4 21. Nf1 Ke7 22. f3 Rhe8 23. h3 Kf8 24. e4 f6 25. Kf2 Bf4 26. Kg1 Re7 27. Ra2 Red7 28. d5 cxd5 29. Rxd5 Rxd5 30. Bxd5 Rc8 31. Ra1 Rc2 32. a4 Be5 33. Rb1 Be8 34. a5 Bb5 35. Kh1 Bd3 36. Ne3 Re2 37. Rc1 Rxe3 38.
Rc8+ Ke7 39. Rc1 Bb2 40. axb6 Bxc1 41. bxa7 Re1+ 42. Kh2 Bf4+ 43. g3 Bxg3+ 44. Kg2 Bf1+ 45. Kg1 Bxh3# 0-1

[Event "*** SCC Grand Prix: Titled Tuesday Blitz"]
[Site "Chess.com"]
[Date "2020.08.11"]
[Round "4"]
[White "ketster"]
[Black "secretsuperstar7"]
[Result "0-1"]
[WhiteElo "2368"]
[BlackElo "2115"]
[TimeControl "180+1"]
[EndTime "10:40:14 PDT"]
[Termination "secretsuperstar7 won by resignation"]

1. d4 Nf6 2. c4 e6 3. g3 d5 4. Bg2 dxc4 5. Nf3 Nc6 6. O-O Rb8 7. e3 a6 8. Qe2 b5 9. b3 cxb3 10. axb3 Bb7 11. Bb2 Be7 12. Rc1 O-O 13. Nbd2 Nd5 14. Ne4 Ncb4 15. Nc5 Bxc5 16. Rxc5 Nb6 17. e4 Nc6 18.
Rac1 Ne7 19. Rxc7 Ng6 20. R7c5 Rc8 21. Qe3 Nd7 22. Rxc8 Bxc8 23. d5 exd5 24. exd5 Nf6 25. Bxf6 Qxf6 26. Nd4 Bg4 27. Nc6 h5 28. h3 Bf5 29. h4 Bg4 30. Re1 Bd7 31. Qc5 Re8 32. Rxe8+ Bxe8 33. Nb8 Qe5 34. Nxa6 Qe1+ 35. Kh2 Ne5 36. f3 Nd3 37. Qg1 Qe2 38. Nc7 Ne5 39.
Nxe8 Nxf3+ 40. Kh1 Nxg1 41. d6 Qxe8 42. Kxg1 Qd8 43. Kh2 Qxd6 44. Kh1 f6 45. Kh2 Kf8 46. Kh1 Qb4 47. Kh2 Ke7 0-1

[Event "*** SCC Grand Prix: Titled Tuesday Blitz"]
[Site "Chess.com"]
[Date "2020.08.11"]
[Round "4"]
[White "ferch1ni"]
[Black "mbachez"]
[Result "0-1"]
[WhiteElo "2274"]
[BlackElo "2466"]
[TimeControl "180+1"]
[EndTime "10:40:17 PDT"]
[Termination "mbachez won by checkmate"]

1. e4 c6 2. Nf3 d5 3. Nc3 Nf6 4. d3 dxe4 5. dxe4 Qxd1+ 6. Kxd1 Bg4 7. Bf4 Nbd7 8. Be2 Bxf3 9. gxf3 e5 10. Be3 Bc5 11. f4 exf4 12. Bxf4 Bxf2 13. e5 Ng8 14. Ne4 Bd4 15. Nd6+ Kf8 16. Rf1 Bxe5 17. Nxf7 Kxf7 18. Bxe5+ Ngf6 19. Bc4+ Ke7 20. Bc3 Rad8 21. Ke2 Rhe8 22. Rae1 Kd6+ 23. Kf3 Ne5+ 24. Bxe5+ Rxe5 25. Rxe5 Kxe5 26. Re1+ Kd6 27. Bd3 Rf8 28. h4 Nd5+ 29. Kg3 g6 30. h5 Nb4 31. Be4 gxh5 32. Rh1 Re8 33. Kf4 Re5 34. Bxh7 Nd5+ 35. Kf3 Re3+ 36. Kf2 Re5 37. Kf3 Nf6 38. Bg6 Rg5 39. Bd3 a5 40. Kf4 Re5 41. Rg1 Nd5+ 42. Kf3 Re3+ 43. Kf2 Rh3 44. Rg6+ Kc5 45.
Rh6 h4 46. Kg2 Nf4+ 47. Kf1 Nxd3 48. cxd3 Rxd3 49. Ke2 Rh3 50. Kd2 Rh2+ 51. Kc3 b5 52.
Rh5+ Kb6 53. a3 a4 54. b3 Ra2 55. bxa4 Rxa3+ 56. Kb2 Rxa4 57. Rh6 Rg4 58. Kc3 Rg3+ 59.
Kc2 h3 60. Rh8 Rg2+ 61. Kc3 h2 62. Kb3 Kc5 63. Kc3 b4+ 64. Kb3 Kb5 65. Rh5+ c5 66. Rxc5+ Kxc5 67. Ka4 Rg3 68. Ka5 Ra3# 0-1

[Event "*** SCC Grand Prix: Titled Tuesday Blitz"]
[Site "Chess.com"]
[Date "2020.08.11"]
[Round "4"]
[White "gurelediz"]
[Black "vladislavkovalev"]
[Result "0-1"]
[WhiteElo "2543"]
[BlackElo "2873"]
[TimeControl "180+1"]
[EndTime "10:40:18 PDT"]
[Termination "vladislavkovalev won on time"]

1. d4 Nf6 2. c4 e6 3. Nf3 d5 4.
g3 Be7 5. Bg2 O-O 6. O-O dxc4 7.
Qc2 a6 8. Qxc4 b5 9. Qc2 Bb7 10. Nbd2 Nbd7 11. b3 Rc8 12. Bb2 c5 13. dxc5 Nxc5 14.
Qb1 h6 15. Rd1 Qb6 16. Bd4 Rfd8 17. b4 Rxd4 18. Nxd4 Na4 19. Bxb7 Qxb7 20. Rc1 Rxc1+ 21. Qxc1 Bxb4 22. N2f3 Bc5 23. Rb1 Ne4 24. Qc2 Nac3 25.
Rb3 b4 26. a3 a5 27. axb4 axb4 28. e3 Qd5 29. Rb2 e5 30. Nb3 Bf8 31. Nfd2 Ng5 32. Qf5 g6 33. Qg4 Kg7 34. h4 f5 35. e4 Ncxe4 36. Qe2 Nc3 37. Qf1 Nge4 38. Nxe4 Qxe4 39. Rd2 Qc6 40. Qa1 f4 41. Qa7+ Kg8 42. Rd8 fxg3 43. Qe7 Ne2+ 44. Kf1 g2+ 45. Kxe2 Qe4+ 46. Kd2 Qf4+ 47.
Kc2 Qf5+ 48. Kb2 g1=Q 49. Qa7 Qgxf2+ 0-1

[Event "*** SCC Grand Prix: Titled Tuesday Blitz"]
[Site "Chess.com"]
[Date "2020.08.11"]
[Round "4"]
[White "Sultanasharminshirin"]
[Black "kasparicy"]
[Result "1-0"]
[WhiteElo "2044"]
[BlackElo "2338"]
[TimeControl "180+1"]
[EndTime "10:40:18 PDT"]
[Termination "Sultanasharminshirin won on time"]

1. d4 Nf6 2. c4 g6 3. Nc3 d5 4. Nf3 Bg7 5. Bf4 O-O 6. Rc1 dxc4 7. e4 Bg4 8. Bxc4 Nh5 9. Be3 Bxf3 10. gxf3 e5 11.
d5 Kh8 12. Qd2 f5 13. Bg5 Qe8 14. Bh6 Nd7 15. Bxg7+ Kxg7 16. Qg5 Nhf6 17. O-O f4 18. Kh1 Qe7 19. Rg1 Rad8 20. Nb5 Nb6 21. Bb3 Rd7 22. Nxa7 Nc8 23. Nb5 Nd6 24. Nxd6 Qxd6 25. Rc3 c5 26.
dxc6 bxc6 27. Rcc1 c5 28. Rcd1 Qe7 29. Rxd7 Qxd7 30. Rd1 Qe7 31. Ba4 h6 32. Qh4 Rd8 33. Rg1 Rd2 34. Bb3 Qd6 35. Qh3 Rxf2 36. Qf5 g5 37. Qe6 Qxe6 38. Bxe6 Rxb2 39. h4 Rb6 40. Bf5 1-0